AoeStats
← [CANTINAMX] | Vintar Khan

Arabia

509804180Analyzed
4v4 RM · 6d ago on Sep 28, 2026· 38m 6s· 8 players
Game mode
Random Map
Map size
Large (8 player)
Population
200
Speed
Normal
Resources
Standard
Victory
Conquest
Starting age
Dark Age
Ending age
Imperial Age
RankedLock teamsTeams togetherTeam positionsShared explorationLock speedFull tech treeHidden civsTurbo modeCheats
Victory
Defeat
1455
+12
🇨🇱 Franks · Chile
1383
+15
🇪🇨 Berbers · Ecuador
1370
+16
🇦🇷 Magyars · Argentina
1332
+17
🇦🇷 Varangians · Argentina
1525
-20
🇨🇴 Britons · Colombia
1478
-20
🇦🇷 Vietnamese · Argentina
1340
-14
🇨🇴 Khmer · Colombia
1114
-6
TVHG.- TheCuervo
6:38 Loom
9:34 Feudal Age
10:07 Double-Bit Axe
14:41 Town Watch
15:50 Fletching
17:33 Padded Archer Armor
18:38 Horse Collar
20:49 Wheelbarrow
20:15 Stone Mining
25:07 Castle Age
25:10 Crossbowman
25:47 Bodkin Arrow
26:12 Thumb Ring
26:52 Hand Cart
28:31 Leather Archer Armor
28:16 Gold Mining
34:37 Ballistics
35:40 Bow Saw
37:12 Heavy Plow
TVHG - Harold Barón
6:44 Loom
9:05 Feudal Age
12:56 Double-Bit Axe
25:20 Castle Age
23:27 Gold Mining
24:40 Bloodlines
24:54 Horse Collar
26:09 Scale Barding Armor
26:15 Forging
26:09 Husbandry
30:04 Chain Barding Armor
31:27 Wheelbarrow
30:59 Heavy Plow
35:44 Imperial Age
36:47 Iron Casting
TVHG.LALO_CAESTA
2:18 Loom
9:22 Feudal Age
10:08 Double-Bit Axe
12:09 Town Watch
12:25 Fletching
18:01 Padded Archer Armor
24:43 Castle Age
23:15 Gold Mining
24:45 Crossbowman
25:20 Bodkin Arrow
TVHG.Ruleman | EX REY
6:51 Loom
9:37 Feudal Age
10:12 Double-Bit Axe
12:55 Bloodlines
18:33 Horse Collar
24:09 Castle Age
23:20 Gold Mining
23:44 Scale Barding Armor
26:42 Chain Barding Armor
26:52 Forging
27:31 Husbandry
33:07 Iron Casting
happix
9:36 Feudal Age
10:55 Double-Bit Axe
13:22 Loom
14:11 Scale Barding Armor
15:16 Forging
18:54 Wheelbarrow
23:55 Castle Age
24:08 Gold Mining
24:58 Chain Barding Armor
24:00 Light Cavalry
24:41 Husbandry
31:12 Iron Casting
[CANTINAMX] | Vintar Khan
4:09 Loom
9:38 Feudal Age
12:23 Double-Bit Axe
14:10 Fletching
18:50 Wheelbarrow
20:08 Padded Archer Armor
24:10 Castle Age
22:51 Gold Mining
23:01 Horse Collar
23:09 Town Watch
23:29 Scale Mail Armor
24:11 Crossbowman
24:49 Bodkin Arrow
28:28 Bow Saw
29:34 Ballistics
31:46 Heavy Plow
33:18 Leather Archer Armor
37:22 Imperial Age
35:08 Hand Cart
36:44 Hand Cart
37:41 Thumb Ring
37:51 Stone Mining
38:38 Gold Shaft Mining
37:31 Arbalester
38:31 Bracer
KOF ELGRANKUSKING
5:48 Loom
9:08 Feudal Age
9:42 Double-Bit Axe
12:29 Horse Collar
14:32 Scale Barding Armor
18:05 Forging
22:15 Castle Age
20:39 Gold Mining
21:01 Bloodlines
23:17 Chain Barding Armor
23:19 Bow Saw
23:13 Husbandry
23:05 Light Cavalry
27:46 Wheelbarrow
28:14 Iron Casting
31:29 Heavy Plow
32:59 Hand Cart
36:37 Town Watch
40:04 Imperial Age
felixaleman1010
6:42 Loom
9:19 Feudal Age
13:48 Fletching
18:37 Padded Archer Armor
20:25 Scale Mail Armor
27:26 Castle Age
27:11 Gold Mining
27:24 Double-Bit Axe
27:30 Crossbowman
28:17 Bodkin Arrow
30:17 Ballistics
31:04 Bow Saw
31:55 Leather Archer Armor
37:37 Corvinian Army
Connection lost

Rejoining the realm…

Still unreachable

The connection could not be restored.

Session expired

The server has moved on; the page needs a fresh start.